 Dungeon Crawl Stone Soup version 0.30-a0-726-gd89dcf765f (webtiles) character file.

Game seed: 6466487193040060859

190 Darkkill the Shooter (level 5, -1/46 HPs)
             Began as a Minotaur Hunter on Jan 29, 2023.
             Slain by an orc
             ... wielding a +2 heavy falchion
              (10 damage)
             ... on level 3 of the Dungeon.
             The game lasted 00:02:48 (1571 turns).

Darkkill the Shooter (Minotaur Hunter)              Turns: 1571, Time: 00:02:49

Health: -1/46      AC:  3    Str: 15    XL:     5   Next: 41%
Magic:  4/4        EV: 13    Int:  6    God:
Gold:   100        SH:  0    Dex: 16    Spells: 4/4 levels left

rFire   . . .      SeeInvis .    a - +0 shortbow
rCold   . . .      Faith    .    (shield currently unavailable)
rNeg    . . .      Spirit   .    c - +0 leather armour
rPois   .          Reflect  .    (helmet restricted)
rElec   .          Harm     .    (no cloak)
rCorr   .          Rampage  .    (no gloves)
Will    .....                    (no boots)
Stlth   ++                       (no amulet)
HPRegen 0.27/turn                (no ring)
MPRegen 0.09/turn                (no ring)

@: no status effects
A: horns 2, retaliatory headbutt
a: no special abilities


You were on level 3 of the Dungeon.
You visited 1 branch of the dungeon, and saw 3 of its levels.

You collected 100 gold pieces.

Inventory:

Hand Weapons
 a - a +0 shortbow (weapon)
 b - the +4 dire flail of Fuv Ihept {freeze, rPois}
   (You acquired it on level 2 of the Dungeon)

   rPois:     It protects you from poison.
 j - the +8 dagger of Recklessness {drain, rN+ rCorr Str+4}
   (You found it on level 3 of the Dungeon)

   Str:       It affects your strength (+4).
   rN:        It protects you from negative energy.
   rCorr:     It protects you from acid and corrosion.
Missiles
 d - 25 stones
 i - 3 boomerangs
Armour
 c - a +0 leather armour (worn)
Scrolls
 g - 3 scrolls of immolation
Potions
 e - a potion of haste
 f - a potion of might
 h - a potion of brilliance {unknown}


   Skills:
 + Level 4.0 Fighting
 + Level 5.3 Ranged Weapons
 + Level 3.5 Dodging
 + Level 2.3 Stealth


You had 4 spell levels left.
You didn't know any spells.
Your spell library was empty.

Dungeon Overview and Level Annotations

Branches:
Dungeon (3/15)

Altars:

Shops:
D:2 =


Innate Abilities, Weirdness & Mutations

You have a pair of horns on your head.
You reflexively headbutt those who attack you in melee.


Message History

You shoot an arrow. The arrow closely misses Terence.
Terence misses you. The orc hits you with a +0 dagger.
* * * LOW HITPOINT WARNING * * *
The frilled lizard barely misses you.
Fire: a) +0 shortbow
Press: ? - help, Q - select action, (/) - cycle Shift-Dir - straight line, f/p - Terence
Aim: Terence, wielding a +0 morningstar and wearing a +0 chain mail (heavily wounded, 70% to hit)
You shoot an arrow. The arrow hits Terence.
Terence is heavily wounded.
Terence barely misses you. The orc closely misses you.
The frilled lizard closely misses you. You furiously retaliate!
You headbutt the frilled lizard.
You kill the frilled lizard!
Terence barely misses you. You furiously retaliate!
You headbutt Terence!
You kill Terence!
The orc closely misses you. You furiously retaliate!
You headbutt the orc.
You kill the orc!
Your Fighting skill increases to level 4!
Fire: a) +0 shortbow
Press: ? - help, Q - select action, (/) - cycle Shift-Dir - straight line, f - goblin
Aim: a goblin, wielding a +0 dagger (58% to hit)
You shoot an arrow. The arrow barely misses the goblin.
Fire: a) +0 shortbow
Press: ? - help, Q - select action, (/) - cycle Shift-Dir - straight line, f/p - goblin
Aim: a goblin, wielding a +0 dagger (58% to hit)
Okay, then.
Unknown command.
Fire: a) +0 shortbow
Press: ? - help, Q - select action, (/) - cycle Shift-Dir - straight line, f/p - goblin
Aim: a goblin, wielding a +0 dagger (58% to hit)
You shoot an arrow. The arrow hits the goblin!
You kill the goblin!
Fire: a) +0 shortbow
Press: ? - help, Q - select action, (/) - cycle Shift-Dir - straight line, f - you Really target yourself?
Okay, then.
i - 3 boomerangs
j - the +8 dagger of Recklessness {drain, rN+ rCorr Str+4}
Things that are here:
a +0 dagger; an orc corpse; a scorpion corpse A kobold comes into view.
It is wielding a +0 dagger.
You are too injured to fight recklessly!
You are too injured to fight recklessly!
A kobold is nearby!
A kobold is nearby!
You are too injured to fight recklessly!
A kobold is nearby!
You are too injured to fight recklessly!
Fire: a) +0 shortbow
Press: ? - help, Q - select action, (/) - cycle Shift-Dir - straight line, f - kobold
Aim: a kobold, wielding a +0 dagger (wandering, hasn't noticed you, 58% to hit)
You shoot an arrow. The arrow barely misses the kobold.
The kobold shouts!
Fire: a) +0 shortbow
Press: ? - help, Q - select action, (/) - cycle Shift-Dir - straight line, f/p - kobold
Aim: a kobold, wielding a +0 dagger (58% to hit)
You shoot an arrow. The arrow closely misses the kobold.
An orc comes into view. It is wielding a +2 heavy falchion.
Fire: a) +0 shortbow
Press: ? - help, Q - select action, (/) - cycle Shift-Dir - straight line, f/p - kobold
Aim: a kobold, wielding a +0 dagger (58% to hit)
You shoot an arrow. The arrow barely misses the kobold.
The arrow barely misses the orc.
The orc shouts!
Fire: a) +0 shortbow
Press: ? - help, Q - select action, (/) - cycle Shift-Dir - straight line, f/p - kobold
Aim: a kobold, wielding a +0 dagger (58% to hit)
You shoot an arrow. The arrow barely misses the kobold.
The arrow barely misses the orc.
An adder comes into view.
Fire: a) +0 shortbow
Press: ? - help, Q - select action, (/) - cycle Shift-Dir - straight line, f/p - kobold
Aim: a kobold, wielding a +0 dagger (58% to hit)
You shoot an arrow. The adder hisses angrily.
The arrow hits the kobold but does no damage.
Fire: a) +0 shortbow
Press: ? - help, Q - select action, (/) - cycle Shift-Dir - straight line, f/p - kobold
Aim: a kobold, wielding a +0 dagger (58% to hit)
You shoot an arrow. The arrow hits the kobold.
You kill the kobold!
Fire: a) +0 shortbow
Press: ? - help, Q - select action, (/) - cycle Shift-Dir - straight line, f - orc
Aim: an orc, wielding a +2 heavy falchion (64% to hit)
You shoot an arrow. The arrow hits the orc.
The orc is lightly wounded.
Fire: a) +0 shortbow
Press: ? - help, Q - select action, (/) - cycle Shift-Dir - straight line, f/p - orc
Aim: an orc, wielding a +2 heavy falchion (lightly wounded, 64% to hit)
You shoot an arrow. The arrow hits the orc.
The orc is severely wounded.
The orc hits you with a +2 heavy falchion!
* * * LOW HITPOINT WARNING * * *
Fire: a) +0 shortbow
Press: ? - help, Q - select action, (/) - cycle Shift-Dir - straight line, f/p - orc
Aim: an orc, wielding a +2 heavy falchion (severely wounded, 64% to hit)
You shoot an arrow. The arrow hits the orc.
The orc is almost dead.
The orc hits you with a +2 heavy falchion!
You die...

..... # .... ##### ..
... .... #.. .. ##.(.
######## # .. #.##..#
##......# ...#.#.#..#
###†.####.#
.......)..####...## #.#
.:....†@.......#######.#
......oS..####.........#
...............#....####
..........###.......####
..........# #...#......#
##.#.##.... ....#......#
..... .................#
...#.#.###.###.##......#
.. ...##...#


You could see an adder and an orc.

Vanquished Creatures
  A scorpion (D:3)
  Terence (D:3)
  Robin (D:2)
  2 adders (D:2)
  2 dart slugs
  An orc (D:3)
  5 endoplasms
  3 giant cockroaches
  15 goblins
  12 hobgoblins
  6 kobolds
  6 ball pythons
  5 bats
  5 frilled lizards
  3 rats (D:2)
68 creatures vanquished.

Vanquished Creatures (others)
  3 fungi (D:2)
  A plant (D:2)
4 creatures vanquished.

Grand Total: 72 creatures vanquished

Notes
Turn   | Place    | Note
-------+----------+-------------------------------------------
     0 | D:1      | Darkkill the Minotaur Hunter began the quest for the Orb.
     0 | D:1      | Reached XP level 1. HP: 18/18 MP: 0/0
    92 | D:1      | Reached skill level 1 in Stealth
   101 | D:1      | Reached XP level 2. HP: 25/25 MP: 1/1
   300 | D:1      | Reached XP level 3. HP: 31/31 MP: 2/2
   539 | D:2      | Found Hiaqos's Jewellery Emporium.
   858 | D:2      | Noticed Robin
   860 | D:2      | Killed Robin
   861 | D:2      | Reached XP level 4. HP: 38/38 MP: 3/3
   871 | D:2      | Reached skill level 5 in Ranged Weapons
  1151 | D:2      | Found a faded altar of an unknown god.
  1253 | D:2      | Identified a scroll of acquirement
  1253 | D:2      | Acquired the +4 dire flail of Fuv Ihept {freeze, rPois}
  1537 | D:3      | Noticed Terence
  1538 | D:3      | Noticed a scorpion
  1543 | D:3      | Killed a scorpion
  1544 | D:3      | Reached XP level 5. HP: 46/46 MP: 4/4
  1555 | D:3      | Killed Terence
  1558 | D:3      | Identified the +8 dagger of Recklessness {drain, rN+ rCorr
                  | Str+4}
  1570 | D:3      | HP: 9/46 [orc/+2 heavy falchion (8)]
  1571 | D:3      | Slain by an orc

Illustrated notes

Levels and vault maps discovered:
D:1:      dpeg_arrival_tiny_b, layout_rooms, minmay_strange_pillars
D:2:      layout_basic, shapermc_ecumenical_altar_ellora, serial_shops,
          nicolae_square_shop, minmay_cut_off, uniq_robin
D:3:      layout_rooms, minmay_distorted, uniq_terence

Skill      XL: |  1  2  3  4  5 |
---------------+----------------+-----
Stealth        | 1 2 |  2.3
Fighting       | 3 4 |  4.0
Dodging        | 3 |  3.5
Ranged Weapons | 5 |  5.3

Action                     |  1- 3 |  4- 6 || total
---------------------------+-------+-------++-------
   Fire: Shortbow          |   108 |    71 ||   179
    Use: Scroll            |     4 |     3 ||     7
 Armour: Leather armour    |    11 |     7 ||    18
  Dodge: Dodged            |    27 |    36 ||    63

Table legend: (Time is in decaauts)
 A = Elapsed time spent in this place.
 B = Non-inter-level travel time spent in this place.
 C = Inter-level travel time spent in this place.
 D = Time resting spent in this place.
 E = Time spent auto-exploring this place.
 F = Levels seen in this place.
 G = Mean time per level.
                   A        B        C        D        E       F      G
               +--------+--------+--------+--------+--------+-----+--------+
         Total |   1621 |   1612 |      9 |      0 |   1294 |   3 |  540.3 |
       Dungeon |   1621 |   1612 |      9 |      0 |   1294 |   3 |  540.3 |
               +--------+--------+--------+--------+--------+-----+--------+

Top non-repeatable levels by time:
     D:2: 985 daAuts
     D:1: 561 daAuts
     D:3: 74 daAuts

Table legend:
 A = Kills in this place as a percentage of kills in entire the game.
 B = Kills by you in this place as a percentage of kills by you in the entire game.
 C = Kills by friends in this place as a percentage of kills by friends in the entire game.
 D = Other kills in this place as a percentage of other kills in the entire game.
 E = Experience gained in this place as a percentage of experience gained in the entire game.
 F = Experience gained in this place divided by the number of levels of this place that you have seen.
                   A       B       C       D       E      F
               +-------+-------+-------+-------+-------+----------------------
         Total | 100.0 | 100.0 |   N/A |   N/A | 100.0 |  90.7
       Dungeon | 100.0 | 100.0 |   N/A |   N/A | 100.0 |  90.7
               +-------+-------+-------+-------+-------+----------------------
